 Dungeon Crawl Stone Soup version 0.31-a0-1616-gbeaec30 (webtiles) character file.

Game seed: 3507870509557016902

58 PidgeyThePirate the Cutter (level 3, -9/28 HPs)
             Began as a Demonspawn Gladiator on Jan 10, 2024.
             Mangled by Sigmund
             ... wielding a +0 scythe
              (10 damage)
             ... on level 3 of the Dungeon.
             The game lasted 00:04:25 (2025 turns).

PidgeyThePirate the Cutter (Demonspawn Gladiator)   Turns: 2025, Time: 00:04:26

Health: -9/28      AC:  6    Str: 14    XL:     3   Next: 75%
Magic:  3/3        EV: 12    Int:  8    God:
Gold:   120        SH:  0    Dex: 16    Spells: 2/2 levels left

rFire   . . .        a - +0 rapier
rCold   . . .        (no shield)
rNeg    . . .        f - +0 ring mail
rPois   .            c - +0 helmet
rElec   .            (no cloak)
rCorr   .            (no gloves)
SInv    .            (no boots)
Will    .....        (no amulet) Stlth
                     (no ring)
HPRegen 0.24/turn    (no ring)
MPRegen 0.08/turn

%: no passive effects
@: confused
A: sturdy frame 1
a: no special abilities


You were on level 3 of the Dungeon.
You visited 1 branch of the dungeon, and saw 3 of its levels.

You collected 120 gold pieces.

Inventory:

Hand Weapons
 a - a +0 rapier (weapon)
Missiles
 d - 3 throwing nets (quivered)
 e - a javelin
Armour
 b - a +0 leather armour
 c - a +0 helmet (worn)
 f - a +0 ring mail (worn)
Potions
 l - a potion of enlightenment


   Skills:
 + Level 2.4 Fighting
 * Level 3.5 Short Blades
 + Level 1.8 Throwing
 + Level 0.2 Armour
 + Level 3.3 Dodging


You had 2 spell levels left.
You didn't know any spells.
Your spell library contained the following spells:

 Spells                   Type           Power      Damage    Failure   Level
 Shock                    Conj/Air       0%         1d3       54%         1
 Dazzling Flash           Conj/Hex       0%         N/A       88%         3
 Swiftness                Air            0%         N/A       88%         3
 Volatile Blastmotes      Fire/Tloc      0%         2d10      88%         3
 Airstrike                Air            0%         2d(0-16)  99%         4
 Starburst                Conj/Fire      0%         6d3       100%        6
 Maxwell's Capacitive Co  Air            0%         ∞         100%        8


Dungeon Overview and Level Annotations

Branches:
Dungeon (3/15)

Altars:

Annotations:
D:3 Sigmund


Innate Abilities, Weirdness & Mutations

Your movements are slightly less encumbered by armour. (ER -2)


Message History

Sigmund points at you and mumbles some strange words.
You are confused.
You bump into the rock wall.
Sigmund gestures at you while chanting.
You are more confused.
You bump into the rock wall.
Sigmund gestures at you while chanting. The puff of flame hits you.
You bump into the rock wall.
You bump into the rock wall.
Sigmund casts a spell at you.
You are more confused.
You bump into the rock wall.
Sigmund hits you but does no damage. Sigmund casts a spell at you.
The magic dart hits you.
* * * LOW HITPOINT WARNING * * *
You bump into the rock wall.
Sigmund casts a spell at you. You resist with significant effort.
Sigmund gestures at you while chanting. The magic dart hits you.
* * * LOW HITPOINT WARNING * * *
You're too confused to move!
Sigmund misses you.
Unknown command.
You bump into the rock wall.
You feel less confused.
Sigmund hits you from afar with a +0 scythe.
* * * LOW HITPOINT WARNING * * *
Sigmund casts a spell.
Sigmund flickers and vanishes!
Deactivating autopickup; reactivate with Ctrl-A.
You see here a scroll of identify.
Found a stone staircase leading down.
You are confused.
You bump into the rock wall.
You bump into the rock wall.
You bump into the rock wall.
Something hits you.
* * * LOW HITPOINT WARNING * * *
You bump into the rock wall.
Something hits you!
You die...

### #.# ... .#.#.#.>.
#.##.....#....
#...@....#...#
###.:...##.#...#
...............# #.#
#...... # #.#
.##.#...###.# ###.#
.........@..# .##.#
##.#.#.###.# .##.#
#.#.....# #
.##.######.###?#.#
.##........{.....#
....######$###.#......
....# #.# ###.#.###
....# #.# #... ....#
#.# ###


There were no monsters in sight!

Vanquished Creatures
  2 dart slugs (D:1)
  2 orcs (D:3)
  4 ball pythons
  4 endoplasms
  2 giant cockroaches (D:1)
  A goblin (D:1)
  9 hobgoblins
  3 jackals (D:1)
  3 quokkas
  5 bats
  5 frilled lizards
  2 kobolds
  A rat (D:1)
43 creatures vanquished.

Notes
Turn   | Place    | Note
-------+----------+-------------------------------------------
     0 | D:1      | PidgeyThePirate the Demonspawn Gladiator began the quest
                  | for the Orb.
     0 | D:1      | Reached XP level 1. HP: 16/16 MP: 1/1
   182 | D:1      | Gained mutation: Your movements are slightly less
                  | encumbered by armour. (ER -2) [demonic ancestry]
   182 | D:1      | Reached XP level 2. HP: 19/22 MP: 2/2
   502 | D:1      | Reached XP level 3. HP: 27/27 MP: 3/3
  1489 | D:3      | Noticed Sigmund
  1504 | D:3      | Identified the +0 ring mail of the Lost Path {Int-4 Dex+3}
  1526 | D:3      | HP: 1/27 [Sigmund/+0 scythe (8)]
  1907 | D:3      | Found a faded altar of an unknown god.
  2015 | D:3      | HP: 1/28 [Sigmund/+0 scythe (4)]
  2024 | D:3      | HP: 1/28 [something (2)]
  2025 | D:3      | Mangled by Sigmund

Illustrated notes

Levels and vault maps discovered:
D:1:      dpeg_arrival_round_c, layout_basic, hangedman_decor_clover_reticule
D:2:      layout_loops_ring
D:3:      layout_basic, basic_ecumenical_altar, uniq_sigmund, uniq_terence

Skill      XL: |  1  2 |
---------------+-------+-----
Dodging        | 3 |  3.3
Short Blades   | 3 |  3.5
Fighting       | |  2.4
Throwing       | |  1.8
Armour         | |  0.2

Action                     || total
---------------------------++-------
  Melee: Rapier            ||   154
         Punch             ||     1
    Use: Potion            ||     4
         Scroll            ||     2
 Armour: Leather armour    ||    40
         Ring mail         ||    73
  Dodge: Dodged            ||   133

Table legend: (Time is in decaauts)
 A = Elapsed time spent in this place.
 B = Non-inter-level travel time spent in this place.
 C = Inter-level travel time spent in this place.
 D = Time resting spent in this place.
 E = Time spent auto-exploring this place.
 F = Levels seen in this place.
 G = Mean time per level.
                   A        B        C        D        E       F      G
               +--------+--------+--------+--------+--------+-----+--------+
         Total |   2019 |   1953 |     66 |      0 |   1391 |   3 |  673.0 |
       Dungeon |   2019 |   1953 |     66 |      0 |   1391 |   3 |  673.0 |
               +--------+--------+--------+--------+--------+-----+--------+

Top non-repeatable levels by time:
     D:1: 903 daAuts
     D:2: 722 daAuts
     D:3: 394 daAuts
